cohdb
Replays
Latest Replays
All Replays
Popular Replays
Top Player Replays
Match Explorer
How It Works
Community
CoH3 Stats
Reddit
Sign in to upload your games and track your stats! →
Sign in with Steam
Match 43921529
Unlisted
Match 43921529
Overview
Messages
Build Orders
End
Construct Infanterie Kompanie
Pioneer Squad
Grenadier Squad
Selects Luftwaffe Battlegroup
Grenadier Squad
Grenadier Squad
Infanterie Officer Quarters
Selects Luftwaffe Pioneer Support
Selects LG40 Recoilless Gun Paradrop
Grenadier Squad
Grenadier Squad
LG40 Recoilless Gun Paradrop
Grenadier Squad
Grenadier Squad
LG40 Recoilless Gun Paradrop
Barbarossa
Seth299
0
0
Comments
sign in to comment!
No comments posted yet!